 Dungeon Crawl Stone Soup version 0.30-a0-1018-g25214051b3 (webtiles) character file.

Game seed: 4408003052822197806

405 promet the Covered (level 6, 0/53 HPs)
             Began as a Minotaur Fighter on Apr 7, 2023.
             Slain by Edmund
             ... wielding a +1 flail of protection
              (10 damage)
             ... on level 4 of the Dungeon.
             The game lasted 00:14:19 (4625 turns).

promet the Covered (Minotaur Fighter)               Turns: 4625, Time: 00:14:19

Health: 0/53       AC: 11    Str: 23    XL:     6   Next: 56%
Magic:  5/5        EV:  8    Int:  7    God:
Gold:   153        SH:  5    Dex:  9    Spells: 5/5 levels left

rFire   . . .      SeeInvis .    a - +0 falchion (heavy)
rCold   . . .      Faith    .    c - +1 buckler
rNeg    . . .      Spirit   .    r - +0 chain mail of Luank {Str+2}
rPois   .          Reflect  .    (helmet restricted)
rElec   .          Rampage  .    n - +0 cloak
rCorr   .                        (no gloves)
Will    .....                    (no boots) Stlth
                                 (no amulet)
HPRegen 0.28/turn                (no ring)
MPRegen 0.09/turn                (no ring)

@: no status effects
A: horns 2, retaliatory headbutt
a: no special abilities


You were on level 4 of the Dungeon.
You visited 1 branch of the dungeon, and saw 4 of its levels.

You collected 153 gold pieces.

Inventory:

Hand Weapons
 a - a +0 heavy falchion (weapon)
 q - a +0 flail of flaming
Missiles
 d - 6 silver javelins (quivered)
 e - 46 stones
 g - 5 poisoned darts
Armour
 b - a +0 scale mail
 c - a +1 buckler (worn)
 n - a +0 cloak (worn)
 r - the +0 chain mail of Luank (worn) {Str+2}
   (You found it on level 4 of the Dungeon)

   Str:       It affects your strength (+2).
Jewellery
 h - an amulet of reflection
Scrolls
 m - a scroll of brand weapon
 o - a scroll of enchant armour
 t - 2 scrolls of identify
 v - a scroll of fear {unknown}
Potions
 f - 2 potions of ambrosia
 i - 3 potions of curing {unknown}
 j - a potion of cancellation {unknown}
 k - 2 potions of heal wounds {unknown}
 l - 2 potions of magic {unknown}
 p - a potion of attraction {unknown}
 s - a potion of haste {unknown}
 u - a potion of lignification {unknown}


   Skills:
 + Level 4.6 Fighting
 + Level 1.7 Long Blades
 + Level 4.8 Maces & Flails
 + Level 0.8 Throwing
 + Level 5.8 Armour
 + Level 1.8 Dodging
 + Level 4.5 Shields


You had 5 spell levels left.
You didn't know any spells.
Your spell library contained the following spells:

 Spells                   Type           Power      Damage    Failure   Level
 Poisonous Vapours        Pois/Air       0%         N/A       99%         2
 Mephitic Cloud           Conj/Pois/Air  0%         N/A       100%        3
 Freezing Cloud           Conj/Ice/Air   0%         6-21      100%        5


Dungeon Overview and Level Annotations

Branches:
Dungeon (4/15)
 Temple: D:4-7

Altars:
Ashenzari
Kikubaaqudgha
Nemelex Xobeh
Okawaru
Sif Muna

Annotations:
D:4 Edmund


Innate Abilities, Weirdness & Mutations

You have a pair of horns on your head.
You reflexively headbutt those who attack you in melee.


Message History

You block Edmund's attack.
Edmund hits you with a +1 flail of protection.
You hit Edmund but do no damage.
Edmund is moderately wounded.
Edmund hits you but does no damage.
Edmund says, "What use are spells, anyway?"
You block Edmund's attack.
You completely miss Edmund.
Edmund is moderately wounded.
Edmund hits you but does no damage. x2
You slash Edmund! You headbutt Edmund.
Edmund is heavily wounded.
Edmund hits you with a +1 flail of protection!
You block Edmund's attack.
You hit Edmund.
Edmund is severely wounded.
Edmund says, "People accused me of being a cutpurse!"
Edmund hits you but does no damage.
Edmund hits you with a +1 flail of protection.
You hit Edmund but do no damage.
Edmund is severely wounded.
Edmund hits you with a +1 flail of protection. x2
You hit Edmund but do no damage. You headbutt Edmund, but do no damage.
Edmund is severely wounded.
Edmund hits you with a +1 flail of protection!
Edmund hits you with a +1 flail of protection.
* * * LOW HITPOINT WARNING * * *
You hit Edmund but do no damage. You headbutt Edmund, but do no damage.
Edmund is severely wounded.
Edmund hits you but does no damage. x2
You hit Edmund but do no damage.
Edmund is severely wounded.
Edmund hits you with a +1 flail of protection.
* * * LOW HITPOINT WARNING * * *
You hit Edmund.
Edmund is severely wounded.
Edmund hits you with a +1 flail of protection.
* * * LOW HITPOINT WARNING * * *
Edmund hits you with a +1 flail of protection!
You die...

##### #...#
##...# #...=.
#....# #...@####
#...@...#
#...$##.##
######...####
#..'...'..#
#..#...#..#
#+#####...#####+#
+.....#...#.....+
#.....#...#.....#
#.....'...'.....#


You could see Edmund.

Vanquished Creatures
  A black bear (D:4)
  A phantom (D:4)
  A hound (D:3)
  A jelly (D:4)
  An iguana (D:3)
  6 adders
  3 worms
  A dart slug (D:1)
  4 orcs (D:3)
  5 ball pythons
  3 bats (D:2)
  11 endoplasms
  2 giant cockroaches
  7 goblins
  5 hobgoblins
  8 jackals (D:1)
  12 kobolds
  2 quokkas
  A frilled lizard (D:1)
  8 rats
83 creatures vanquished.

Vanquished Creatures (others)
  10 plants (D:1)
10 creatures vanquished.

Grand Total: 93 creatures vanquished

Notes
Turn   | Place    | Note
-------+----------+-------------------------------------------
     0 | D:1      | promet the Minotaur Fighter began the quest for the Orb.
     0 | D:1      | Reached XP level 1. HP: 19/19 MP: 0/0
   152 | D:1      | Reached XP level 2. HP: 25/27 MP: 1/1
   467 | D:1      | Reached skill level 4 in Armour
   691 | D:1      | Reached XP level 3. HP: 28/33 MP: 2/2
  1374 | D:2      | Reached skill level 1 in Dodging
  1441 | D:2      | Reached XP level 4. HP: 24/40 MP: 3/3
  1862 | D:2      | Found a faded altar of an unknown god.
  2779 | D:3      | Found a shimmering blue altar of Sif Muna.
  2786 | D:3      | Found an iron altar of Okawaru.
  3085 | D:3      | Found a sparkling altar of Nemelex Xobeh.
  3166 | D:3      | Reached XP level 5. HP: 28/47 MP: 4/4
  3582 | D:3      | Found an ancient bone altar of Kikubaaqudgha.
  3844 | D:4      | Reached skill level 5 in Armour
  3873 | D:4      | Identified the +0 chain mail of Luank {Str+2}
  4131 | D:4      | Found a broken altar of Ashenzari.
  4142 | D:4      | Noticed a phantom
  4154 | D:4      | Killed a phantom
  4155 | D:4      | Reached XP level 6. HP: 47/53 MP: 5/5
  4353 | D:4      | Reached skill level 1 in Long Blades
  4609 | D:4      | Noticed Edmund
  4625 | D:4      | Slain by Edmund

Illustrated notes

Levels and vault maps discovered:
D:1:      dpeg_arrival_houses_and_road, layout_loops_corners,
          lexackson_kobold_supper
D:2:      layout_loops_ring, chequers_ecumenical_altar_simple
D:3:      layout_basic, mainiacjoe_overflow_surrounded_room,
          mainiacjoe_overflow_large_starburst, nemelex_xobeh_ov_fountains_minmay
D:4:      layout_basic, evilmike_ruin_ashenzari,
          nicolae_yredelemnul_ghost_church, serial_shops, shop_fountains,
          kennysheep_little_box, shop, shop, nicolae_inconvenience_store,
          minivault_5, minmay_snake_closets, uniq_edmund

Skill      XL: |  1  2  3  4  5  6 |
---------------+-------------------+-----
Fighting       | 4 |  4.6
Armour         | 4 5 |  5.8
Shields        | 4 |  4.5
Maces & Flails | 3 4 |  4.8
Dodging        | 1 |  1.8
Long Blades    | 1 |  1.7
Throwing       | |  0.8

Action                     |  1- 3 |  4- 6 || total
---------------------------+-------+-------++-------
  Melee: Flail             |    90 |    54 ||   144
         Headbutt          |    12 |    21 ||    33
         Falchion          |       |    65 ||    65
  Throw: Stone             |     4 |       ||     4
         Dart              |       |     4 ||     4
         Javelin           |       |     2 ||     2
    Use: Potion            |     1 |       ||     1
         Scroll            |       |     4 ||     4
 Armour: Scale mail        |    42 |    20 ||    62
         Chain mail        |       |    38 ||    38
  Dodge: Dodged            |    61 |    52 ||   113
  Block: Buckler           |    27 |    41 ||    68

Table legend: (Time is in decaauts)
 A = Elapsed time spent in this place.
 B = Non-inter-level travel time spent in this place.
 C = Inter-level travel time spent in this place.
 D = Time resting spent in this place.
 E = Time spent auto-exploring this place.
 F = Levels seen in this place.
 G = Mean time per level.
                   A        B        C        D        E       F      G
               +--------+--------+--------+--------+--------+-----+--------+
         Total |   4728 |   4658 |     70 |   1527 |   1234 |   4 | 1182.0 |
       Dungeon |   4728 |   4658 |     70 |   1527 |   1234 |   4 | 1182.0 |
               +--------+--------+--------+--------+--------+-----+--------+

Top non-repeatable levels by time:
     D:1: 1323 daAuts
     D:2: 1300 daAuts
     D:3: 1269 daAuts
     D:4: 834 daAuts
